 Dungeon Crawl Stone Soup version 0.26.1-2-gb8aa6d0cf2 (webtiles) character file.

Game seed: 12921250547677673034

95 nonceun the Cudgeller (level 4, -4/39 HPs)
             Began as a Minotaur Berserker on Mar 15, 2021.
             Was a Follower of Trog.
             Splashed by a jelly's acid (9 damage)
             ... on level 2 of the Dungeon.
             The game lasted 00:05:33 (1386 turns).

nonceun the Cudgeller (Minotaur Berserker)          Turns: 1386, Time: 00:05:35

Health: -4/39      AC: -5    Str: 23    XL:     4   Next: 40%
Magic:  3/3        EV: 12    Int:  4    God:    Trog [*.....]
Gold:   52         SH:  0    Dex:  9    Spells: 3/3 levels left

rFire    . . .     SeeInvis .   a - +0 hand axe
rCold    . . .     Faith    .   (no shield)
rNeg     . . .     Spirit   .   b - +0 animal skin
rPois    .         Reflect  .   (helmet restricted)
rElec    .         Harm     .   (no cloak)
rCorr    .         Rampage  .   (no gloves)
Will     .....                  (no boots)
Stlth    +.........             (no amulet)
HPRegen  0.13/turn              (no ring)
MPRegen  0.08/turn              (no ring)

@: corroded
A: retaliatory headbutt, horns 2
a: Renounce Religion, Berserk


You were on level 2 of the Dungeon.
You worshipped Trog.
Trog was aware of your devotion.
You visited 1 branch of the dungeon, and saw 2 of its levels.

You collected 52 gold pieces.

Inventory:

Hand Weapons
 a - a +0 hand axe (weapon)
Missiles
 d - 7 boomerangs of dispersal {!f}
 e - 11 poisoned darts (quivered)
 k - 7 stones
 m - 5 arrows
Armour
 b - a +0 animal skin (worn)
Scrolls
 c - 4 scrolls of identify {unknown}
 f - 2 scrolls of random uselessness {unknown}
 i - a scroll of remove curse {unknown}
 j - 3 scrolls of blinking {unknown}
 l - a scroll of immolation {unknown}
Potions
 g - a potion of curing {unknown}
 h - 2 potions of flight {unknown}


   Skills:
 - Level 3.6 Fighting
 - Level 3.6(4.8) Axes
 * Level 4.9(5.5) Maces & Flails
 - Level 0.2 Slings
 - Level 2.4 Armour
 - Level 2.1 Dodging
 - Level 0.1 Transmutations


You had 3 spell levels left.
You didn't know any spells.
Your spell library was empty.

Dungeon Overview and Level Annotations

Branches:
Dungeon (2/15)

Altars:
Xom


Innate Abilities, Weirdness & Mutations

You reflexively headbutt those who attack you in melee.
You have a pair of horns on your head.


Message History

You barely miss the quokka. You headbutt the quokka.
You kill the quokka!
Trog accepts your kill.
You hit the jelly. The acid corrodes you!
Your hands burn!
The jelly is heavily wounded.
The jelly completely misses you.
You hit the jelly but do no damage.
Your hands burn!
The jelly is heavily wounded.
The jelly barely misses you.
You hit the jelly but do no damage.
Your hands burn!
The jelly is heavily wounded.
The jelly hits you.
You are splashed with acid!
* * * LOW HITPOINT WARNING * * *
You hit the jelly.
Your hands burn!
* * * LOW HITPOINT WARNING * * *
The jelly is severely wounded.
The jelly hits you.
* * * LOW HITPOINT WARNING * * *
You are splashed with acid!
You die...

+.... #...# #...+
#...# #...# #+#...#
#...## ......#
+....# ......#
######....# ......#
.......J#.# ..
...##########@# # #
#.............#.#
####.######........#
.........##........#
.......)..'........#
..........#.......##
.###.#....#.......#
.# #.#....#.......#
.# #.#....#...#####


You could see a jelly.

Vanquished Creatures
  A scorpion (D:2)
  2 adders (D:2)
  A dart slug (D:1)
  2 leopard geckos (D:1)
  3 giant cockroaches (D:1)
  A hobgoblin (D:2)
  A quokka (D:2)
  4 bats
  A goblin (D:1)
  5 kobolds (D:1)
  6 rats
27 creatures vanquished.

Notes
Turn   | Place    | Note
-------+----------+-------------------------------------------
     0 | D:1      | nonceun the Minotaur Berserker began the quest for the Orb.
     0 | D:1      | Reached XP level 1. HP: 19/19 MP: 0/0
    38 | D:1      | Reached skill level 1 in Maces & Flails
   117 | D:1      | Found a shimmering altar of Xom.
   235 | D:1      | Reached XP level 2. HP: 17/26 MP: 1/1
   467 | D:1      | Reached skill level 2 in Maces & Flails
   950 | D:2      | Reached skill level 3 in Maces & Flails
   950 | D:2      | Reached XP level 3. HP: 14/31 MP: 2/2
  1175 | D:2      | Noticed a scorpion
  1180 | D:2      | Killed a scorpion
  1181 | D:2      | Reached skill level 4 in Maces & Flails
  1181 | D:2      | Reached XP level 4. HP: 39/39 MP: 3/3
  1386 | D:2      | Splashed by a jelly's acid

Illustrated notes

Levels and vault maps discovered:
D:1:      dpeg_arrival_stonehenge_12_columns, layout_basic,
          kennysheep_another_room, xom_teletrap_fun
D:2:      layout_basic, hangedman_decor_peaks_small, grunt_ministairs_6,
          uniq_sigmund

Skill      XL: |  1  2  3 |
---------------+----------+-----
Maces & Flails | 1 3 4 |  4.9
Fighting       | |  3.6
Axes           | |  3.6
Slings         | |  0.2
Armour         | |  2.4
Dodging        | |  2.1
Transmutations | |  0.1

Action                   |  1- 3 |  4- 6 || total
-------------------------+-------+-------++-------
Melee: Hand axe          |    48 |    12 ||    60
       Headbutt          |     7 |     5 ||    12
Throw: Dart              |     2 |       ||     2
       Boomerang         |     1 |       ||     1
Invok: Berserk           |     1 |       ||     1
Armor: Animal skin       |    10 |       ||    10
Dodge: Dodged            |    31 |     6 ||    37
